 Dungeon Crawl Stone Soup version 0.27.1-15-g792fb953b9 (webtiles) character file.

Game seed: 2416004497901702219

1 croobank the Sneak (level 1, -2/18 HPs)
             Began as a Barachi Delver on Nov 18, 2021.
             Slain by Duvessa (8 damage)
             ... on level 5 of the Dungeon.
             The game lasted 00:02:42 (89 turns).

croobank the Sneak (Barachi Delver)                   Turns: 89, Time: 00:02:43

Health: -2/18      AC:  3    Str: 17    XL:     1   Next: 20%
Magic:  1/1        EV: 12    Int: 10    God:
Gold:   7          SH:  0    Dex: 13    Spells: 0/0 levels left

rFire    . . .     SeeInvis .   e - +7 spear "Zeodd" {chaos, Str+4}
rCold    . . .     Faith    .   (no shield)
rNeg     . . .     Spirit   .   b - +0 leather armour
rPois    .         Reflect  .   (no helmet)
rElec    .         Harm     .   (no cloak)
rCorr    .         Rampage  .   (no gloves)
Will     .....                  (no boots)
Stlth    ++........             (no amulet)
HPRegen  0.06/turn              (no ring)
MPRegen  0.07/turn              (no ring)

@: unable to hop, slow
A: amphibious, slowness 1, strong legs 1, +LOS
a: Hop


You were on level 5 of the Dungeon.
You visited 1 branch of the dungeon, and saw 1 of its levels.

You collected 7 gold pieces.

Inventory:

Hand Weapons
 a - a +0 falchion
 e - the +7 spear "Zeodd" (weapon) {chaos, Str+4}
   (You found it on level 5 of the Dungeon)

   Each time it hits an enemy it has a different, random effect.
   Str:       It affects your strength (+4).
Armour
 b - a +0 leather armour (worn)
Scrolls
 c - a scroll of fog
 d - a scroll of magic mapping


   Skills:
 + Level 3.6 Fighting
 - Level 2.4 Long Blades
 + Level 2.1 Dodging
 + Level 4.6 Stealth


You couldn't memorise any spells.
You didn't know any spells.
Your spell library was empty.

Dungeon Overview and Level Annotations

Branches:
Dungeon (5/15)
 Temple: D:4-7

Altars:

Annotations:
D:5 Dowan, Duvessa


Innate Abilities, Weirdness & Mutations

You are amphibious.
You cover ground slowly.
You can hop short distances.
You have an extended range of vision and can be seen from far away.


Message History

Unknown command.
Aiming: Dig
Press: ? - help, Shift-Dir - straight line A rock wall.
The rock shatters into small pieces.
You feel yourself slow down.
Aiming: Dig
Press: ? - help, Shift-Dir - straight line A rock wall.
The rock shatters into small pieces.
The now-empty wand crumbles to dust.
Found a masterwork spear.
You see here the +7 spear "Zeodd" {chaos, Str+4}.
e - the +7 spear "Zeodd" {chaos, Str+4}
Okay, then.
You feel stronger.
The +7 spear "Zeodd" {chaos, Str+4} is briefly surrounded by a scintillating aura of random colours.
e - the +7 spear "Zeodd" (weapon)
{chaos, Str+4} The jackal barks!
You hear a shout!
The jackal barks!
A shadow imp comes into view.
Hop to where?
Press: ? - help, Dir - move target Boing!
The jackal bites you.
You hit the jackal.
The jackal is poisoned.
The jackal is severely wounded.
You kill the jackal!
The jackal bites you. x2
You closely miss the jackal.
The shadow imp shouts!
The jackal bites you but does no damage.
Dowan shouts!
You hit Duvessa.
Duvessa is lightly wounded.
The jackal bites you but does no damage.
Duvessa hits you with a +0 short sword of electrocution!
Ouch! That really hurt!
The jackal closely misses you.
You puncture Duvessa! You burn Duvessa.
Duvessa is heavily wounded.
Duvessa hits you with a +0 short sword of electrocution!
You die...

.........##......#
......... ##....## #
..........###...## #..
...........###...#
....
#..........####..##
#....# ...........#
#...##5...#
#..........####......#
...........##e....###
#.(....e.....h@..##
#............##..#
###.......##### ##.#
#......#### ##.#..#
..###...# ####....#.#
.## #...###.......#.#
.# ##..##....ยง..# ..
.# ##....e.....# .#
..# ##..........# .


You could see Duvessa, Dowan, a shadow imp and a jackal.

Vanquished Creatures
  A jackal (D:5)
1 creature vanquished.

Notes
Turn   | Place    | Note
-------+----------+-------------------------------------------
     0 | D:5      | croobank the Barachi Delver began the quest for the Orb.
     0 | D:5      | Reached XP level 1. HP: 18/18 MP: 1/1
     9 | D:5      | Noticed Duvessa
     9 | D:5      | Noticed Dowan
    75 | D:5      | Identified the +7 spear "Zeodd" {chaos, Str+4}
    89 | D:5      | Slain by Duvessa

Illustrated notes

Levels and vault maps discovered:
D:5:      layout_cave_pods, uniq_duvessa, uniq_grinder, uniq_ijyb

Action                   || total
-------------------------++-------
Melee: Spear             ||     4
 Abil: Hop               ||     1
Evoke: Wand              ||     3
  Use: Scroll            ||     1
       Potion            ||     1
Armor: Leather armour    ||     2
Dodge: Dodged            ||     1
